Selects Advanced Infantry Battlegroup
Construct Weapon Support Center
Selects Convert to Ranger Squad
Selects Frontline Medical Station
Frontline Medical Station
Improved M9 Bazooka Rockets
Selects Ammunition Storage
Selects Ranger Weapon Training
Frontline Medical Station
Selects M2A1 105mm Howitzer Emplacement
Selects 155mm Rapid Artillery Barrage
Construct Medical Station
M18 Hellcat Tank Destroyer
155mm Rapid Artillery Barrage
M18 Hellcat Tank Destroyer
M18 Hellcat Tank Destroyer